 Dungeon Crawl Stone Soup version 0.29.1-2-gbd0b4ee654 (webtiles) character file.

Game seed: 12970736373140380459

34897 warriortoast the Unseen (level 13, -9/66 HPs)
             Began as a Spriggan Enchanter on Nov 18, 2022.
             Was an Elder of Fedhas.
             Mangled by a swamp worm (18 damage)
             ... on level 3 of the Lair of Beasts.
             The game lasted 01:25:33 (30166 turns).

warriortoast the Unseen (Spriggan Enchanter)       Turns: 30166, Time: 01:25:34

Health: -9/66      AC:  8    Str:  6    XL:     13   Next: 44%
Magic:  11/26      EV: 24    Int: 18    God:    Fedhas [****..]
Gold:   377        SH:  5    Dex: 23    Spells: 13/28 levels left

rFire   . . .      SeeInvis +   a - +4 dagger
rCold   . . .      Faith    .   (no shield)
rNeg    . . .      Spirit   .   x - +1 steam dragon scales
rPois   +          Reflect  +   N - +1 hat
rElec   .          Harm     .   W - +0 cloak
rCorr   .          Rampage  .   (gloves unavailable)
Will    ++...                   (boots unavailable)
Stlth   ++++++....              g - amulet of reflection
HPRegen 0.21/turn               V - ring of poison resistance
MPRegen 0.20/turn               C - +6 ring of dexterity

@: very slightly contaminated, very quick
A: very small, no large weapons, unfitting armour, see invisible, speed 3
a: Renounce Religion, Wall of Briars, Grow Ballistomycete, Overgrow


You were on level 3 of the Lair of Beasts.
You worshipped Fedhas.
Fedhas was greatly pleased with you.
You visited 4 branches of the dungeon, and saw 17 of its levels.

You collected 1144 gold pieces.
You spent 767 gold pieces at shops.

Inventory:

Hand Weapons
 a - a +4 dagger (weapon)
 e - a +0 shortbow of venom
 s - a +0 arbalest of freezing
Armour
 x - +1 steam dragon scales (worn)
 E - an orb of energy
 N - a +1 hat (worn)
 W - a +0 cloak (worn)
 X - a scarf of invisibility
Jewellery
 b - the amulet of Efuaz {RegenMP Str+4 Int+2 Slay+3}
   (You acquired it on level 7 of the Dungeon)

   [amulet of magic regeneration]

   It increases your rate of magic regeneration.
   Str:       It affects your strength (+4).
   Int:       It affects your intelligence (+2).
   Slay:      It affects your accuracy & damage with ranged weapons and melee
   (+3).
 g - an amulet of reflection (around neck)
 q - a ring of protection from cold
 w - the ring "Loulim" {+Blink Will+ Dex-3 SInv}
   (You found it on level 5 of the Dungeon)

   [ring of see invisible]

   Dex:       It affects your dexterity (-3).
   SInv:      It lets you see invisible.
   +Blink:    It lets you blink.
   Will:      It increases your willpower.
 C - a +6 ring of dexterity (right hand)
 K - the ring "Mazxius" {Fire rElec Str+7 Int+7}
   (You took it off a centaur on level 10 of the Dungeon)

   [ring of fire]

   It enhances your fire magic.
   Str:       It affects your strength (+7).
   Int:       It affects your intelligence (+7).
   rF:        It protects you from fire.
   rC:        It makes you vulnerable to cold.
   rElec:     It insulates you from electricity.
 V - a ring of poison resistance (left hand)
Wands
 r - a wand of flame (17)
 y - a wand of roots (3)
 z - a wand of digging (11)
 B - a wand of acid (12)
 D - a wand of charming (10)
Scrolls
 d - a scroll of amnesia
 f - 8 scrolls of teleportation
 h - 5 scrolls of fear
 v - 3 scrolls of magic mapping
 A - 2 scrolls of immolation
 O - 3 scrolls of identify
 R - a scroll of poison
 S - 2 scrolls of enchant weapon
Potions
 c - a potion of invisibility
 i - 2 potions of flight
 j - 3 potions of heal wounds
 k - 3 potions of berserk rage
 l - a potion of attraction
 m - 4 potions of brilliance
 n - 4 potions of magic
 o - 3 potions of might
 t - 2 potions of haste
 u - 5 potions of curing
 P - a potion of resistance


   Skills:
 + Level 6.7 Fighting
 - Level 5.0 Short Blades
 + Level 10.8 Ranged Weapons
 - Level 8.0 Dodging
 - Level 15.0 Stealth
 - Level 8.0 Spellcasting
 - Level 8.0 Hexes
 - Level 5.0 Transmutations
 - Level 8.0 Poison Magic
 + Level 8.1 Invocations
 - Level 5.0 Evocations


You had 13 spell levels left.
You knew the following spells:

 Your Spells              Type           Power      Damage    Failure   Level
a - Ensorcelled Hibernat  Hex/Ice        42%        N/A       2%          2
b - Confusing Touch       Hex            36%        N/A       1%          3
c - Tukima's Dance        Hex            36%        N/A       1%          3
d - Olgreb's Toxic Radia  Pois           36%        N/A       3%          4
e - Ignite Poison         Fire/Tmut/Pois 22%        N/A       4%          3

Your spell library contained the following spells:

 Spells                   Type           Power      Damage    Failure   Level
 Sting                    Tmut/Pois      100%       1d8       1%          1
 Poisonous Vapours        Pois/Air       42%        N/A       2%          2
 Passwall                 Tmut/Erth      13%        N/A       5%          2
 Dazzling Flash           Conj/Hex       42%        N/A       5%          3
 Portal Projectile        Hex/Tloc       42%        N/A       5%          3
 Freeze                   Ice            28%        1d5       10%         1
 Leda's Liquefaction      Hex/Erth       10%        N/A       19%         4
 Call Canine Familiar     Summ           7%         N/A       28%         3
 Conjure Flame            Conj/Fire      7%         6-21      28%         3
 Frozen Ramparts          Ice            14%        1d3       28%         3
 Swiftness                Air            7%         N/A       28%         3
 Blade Hands              Tmut           12%        N/A       34%         5
 Airstrike                Air            3%         2d(1-17)  67%         4
 Hailstorm                Conj/Ice       7%         3d4       67%         4
 Sticky Flame             Conj/Fire      7%         2d3       67%         4
 Summon Lightning Spire   Summ/Air       7%         N/A       67%         4
 Lightning Bolt           Conj/Air       3%         1d15      95%         5


Dungeon Overview and Level Annotations

Branches:
Dungeon (12/15)            Temple (1/1) D:7            Lair (3/5) D:8
 Spider (0/4) Lair:2          Orc (1/2) D:12
  Swamp: Lair:2-3    Shoals: Lair:2-3

Altars:
Ashenzari
Cheibriados
Dithmenos
Elyvilon
Fedhas
Gozag
Hepliaklqana
Kikubaaqudgha
Makhleb
Nemelex Xobeh
Okawaru
Qazlal
Ru
Sif Muna
Trog
Uskayaw
Vehumet
Wu Jian
Xom
Yredelemnul
Zin
The Shining One

Shops:
D:3 *:?   D:5 =(   D:12 ?

Annotations:
Orc:1 Harold


Innate Abilities, Weirdness & Mutations

You are very small and have problems with some larger weapons.
You are too small for most types of armour.
You have supernaturally acute eyesight. (SInv)
You cover ground extremely quickly. (Speed+++)


Message History

You see here a black mamba corpse.
You see here a blink frog corpse.
You see here the +3 giant club "Skullcrusher" {speed, Str+7}.
A swamp worm comes into view.
Your +0 shortbow of venom begins to drip with poison!
e - a +0 shortbow of venom (weapon)
You shoot an arrow. The arrow hits the swamp worm!
The swamp worm is moderately wounded.
The swamp worm fires a harpoon shot at you.
The harpoon shot hits you!
You are yanked forward by the harpoon shot.
You shoot an arrow. The arrow hits the swamp worm.
The swamp worm is poisoned.
The swamp worm is moderately wounded.
The swamp worm bites you.
Casting: Confusing Touch (safe; 1% risk of failure)
Confirm with . or Enter, or press ? or * to list all spells.
You miscast Ignite Poison.
You are very lightly contaminated with residual magic.
Nothing appears to happen.
The swamp worm bites you!!
Casting: Ignite Poison (dangerous; 4% risk of failure)
Confirm with . or Enter, or press ? or * to list all spells.
You ignite the poison in your surroundings!
The swamp worm seems to burn from within!!
The swamp worm is almost dead.
The swamp worm bites you! The swamp worm barely misses you.
Your +0 shortbow of venom stops dripping with poison.
a - a +4 dagger (weapon)
Casting: Ignite Poison (dangerous; 4% risk of failure)
Confirm with . or Enter, or press ? or * to list all spells.
Your hands begin to glow red.
The swamp worm completely misses you.
You hit the swamp worm but do no damage.
The swamp worm appears confused.
The swamp worm is almost dead.
The swamp worm bites you!
* * * LOW HITPOINT WARNING * * *
You hit the swamp worm.
The swamp worm is almost dead.
The swamp worm bites you!!
You die...
Fedhas appreciates your contribution to the ecosystem.

......... ........###
##... ..........#
.....
..........####.....
... . ...............#
.. ...#............#
#. ......w..#.....##
#. #..⌠⌠@.#....#.#
#####.
#.♣..♣.......####..#..
♣..♣..#)....#.....8.
♣..♣♣.......#....†..
~.. ♣.....††..†..##†
♣~.. ♣....##.......##
♣≈.. ♣..####.........
♣~.. ♣..# #.........
♣♣# #.........


You could see a swamp worm (confused).

Vanquished Creatures
  Gastronok (Lair:2)
  An orc warlord (D:12)
  A boulder beetle (D:11)
  3 hydras
  The ghost of xian the Distorting Demonspawn, a journeyman DsAK of Lugonu (Lair:1)
  Erica (D:8)
  3 two-headed ogres
  The ghost of nshep25 the Destroyer, a novice DsCj of Vehumet (D:9)
  2 cyclopes
  4 deep elf pyromancers
  2 manticores (D:11)
  Maurice (D:12)
  5 black mambas
  2 torpor snails (Lair:2)
  A gargoyle (D:12)
  Psyche (D:8)
  5 cane toads
  A kobold demonologist (D:10)
  9 komodo dragons
  A rime drake (Lair:3)
  A freezing wraith (D:11)
  2 polar bears
  Prince Ribbit (Lair:3)
  2 trolls
  23 blink frogs
  2 spriggans (D:9)
  A wraith (D:9)
  A shadow (D:11)
  The ghost of TheSexyCheese the Trooper, an amateur HOFi (D:3)
  2 wyverns
  29 yaks
  A steam dragon (D:8)
  A warg (D:12)
  2 acid dragons (D:10)
  5 water moccasins
  A black bear (Lair:1)
  11 orc warriors
  A sky beast (D:7)
  An ice beast (D:4)
  3 ogres
  7 wolves
  4 centaurs
  2 phantoms
  A necrophage (D:4)
  A wyvern zombie (D:3)
  6 bullfrogs
  2 scorpions
  A gnoll sergeant (D:4)
  6 killer bees (D:9)
  3 electric eels (Lair:1)
  3 howler monkeys
  7 orc priests
  2 jellies
  2 hounds (D:4)
  Terence (D:3)
  4 iguanas
  11 orc wizards
  A killer bee zombie (D:3)
  A howler monkey zombie (D:3)
  8 gnolls
  6 adders
  A white imp (D:6)
  3 ufetubi (D:6)
  4 worms
  A dart slug (D:3)
  67 orcs
  8 ball pythons
  4 endoplasms
  8 giant cockroaches
  6 hobgoblins
  2 jackals (D:1)
  5 kobolds
  6 quokkas
  3 bats (D:2)
  3 frilled lizards
  4 goblins
  4 rats
345 creatures vanquished.

Vanquished Creatures (collateral kills)
  6 ballistomycete spores (Lair:1)
6 creatures vanquished.

Vanquished Creatures (others)
  An orc (Orc:1)
  4 ballistomycete spores (Lair:1)
  18 fungi
  40 plants
63 creatures vanquished.

Grand Total: 414 creatures vanquished

Notes
Turn   | Place    | Note
-------+----------+-------------------------------------------
     0 | D:1      | warriortoast the Spriggan Enchanter began the quest for the
                  | Orb.
     0 | D:1      | Reached XP level 1. HP: 9/9 MP: 5/5
   303 | D:1      | Found a faded altar of an unknown god.
   444 | D:1      | Reached XP level 2. HP: 13/13 MP: 6/6
   484 | D:1      | Learned a level 2 spell: Ensorcelled Hibernation
  1689 | D:2      | Reached XP level 3. HP: 16/16 MP: 8/8
  1696 | D:2      | Learned a level 3 spell: Confusing Touch
  1860 | D:2      | Reached skill level 5 in Stealth
  2232 | D:3      | Found Zounemm's Magic Scroll Boutique.
  2236 | D:3      | Bought a scroll of fear for 52 gold pieces
  2236 | D:3      | Bought a scroll of teleportation for 39 gold pieces
  2236 | D:3      | Bought a scroll of identify for 26 gold pieces
  2302 | D:3      | Found Luaw's Book Shop.
  2328 | D:3      | Found a runed translucent gate.
  2328 | D:3      | Found a runed translucent gate.
  2328 | D:3      | Found a runed translucent gate.
  2329 | D:3      | Noticed TheSexyCheese's ghost (amateur HOFi)
  2372 | D:3      | Reached XP level 4. HP: 21/21 MP: 7/10
  3323 | D:3      | Noticed Terence
  3326 | D:3      | Killed Terence
  3327 | D:3      | Reached XP level 5. HP: 24/24 MP: 11/11
  3523 | D:3      | Found Osonygg's Assorted Antiques.
  3646 | D:3      | Noticed an ogre
  3753 | D:3      | Killed an ogre
  3754 | D:3      | Reached skill level 6 in Stealth
  4236 | D:3      | Reached skill level 5 in Hexes
  4236 | D:3      | Reached XP level 6. HP: 6/28 MP: 8/13
  4242 | D:3      | Killed TheSexyCheese's ghost
  4856 | D:4      | Reached skill level 5 in Dodging
  4856 | D:4      | Reached XP level 7. HP: 32/32 MP: 13/15
  5219 | D:4      | Found a radiant altar of Vehumet.
  5442 | D:5      | Entered Level 5 of the Dungeon
  5481 | D:5      | Reached skill level 7 in Stealth
  5481 | D:5      | Reached skill level 5 in Spellcasting
  5924 | D:5      | Found Juekic's Jewellery Emporium.
  6124 | D:4      | HP: 1/32 [gnoll sergeant/+1 trident of flaming (5)]
  7303 | D:4      | Reached XP level 8. HP: 32/36 MP: 13/17
  7312 | D:4      | Reached skill level 8 in Stealth
  7498 | D:5      | Found Noownox's Antique Weapon Boutique.
  7529 | D:5      | Identified the ring "Loulim" {+Blink Will+ Dex-3 SInv}
  7580 | D:5      | Found a glowing silver altar of Zin.
  8029 | D:5      | Found an opulent altar of Gozag.
  8689 | D:6      | Reached skill level 5 in Short Blades
  8689 | D:6      | Reached skill level 1 in Ranged Weapons
  9276 | D:6      | Found a hide-covered altar of Uskayaw.
  9326 | D:6      | Reached skill level 9 in Stealth
  9580 | D:6      | Reached XP level 9. HP: 39/39 MP: 16/20
 10619 | D:7      | Reached skill level 10 in Stealth
 10684 | D:7      | Found a staircase to the Ecumenical Temple.
 10693 | Temple   | Entered the Ecumenical Temple
 11579 | D:3      | Bought a scroll of magic mapping for 97 gold pieces
 11579 | D:3      | Bought a scroll of immolation for 52 gold pieces
 11579 | D:3      | Bought a scroll of enchant weapon for 97 gold pieces
 11696 | D:8      | Noticed Erica
 12032 | D:7      | Learned a level 3 spell: Tukima's Dance
 12037 | D:7      | Learned a level 4 spell: Olgreb's Toxic Radiance
 12041 | D:7      | Learned a level 3 spell: Ignite Poison
 12054 | D:8      | Noticed Psyche
 12066 | D:8      | Killed Psyche
 12067 | D:8      | Reached skill level 1 in Transmutations
 12067 | D:8      | Reached skill level 1 in Evocations
 12090 | D:8      | Found a staircase to the Lair.
 12094 | D:8      | Killed Erica
 12095 | D:8      | Reached skill level 11 in Stealth
 12095 | D:8      | Reached skill level 1 in Poison Magic
 12095 | D:8      | Reached XP level 10. HP: 15/44 MP: 21/23
 13021 | D:7      | Identified a scroll of acquirement
 13021 | D:7      | Acquired the amulet of Efuaz {RegenMP Str+4 Int+2 Slay+3}
 13543 | D:8      | Found a white marble altar of Elyvilon.
 13585 | D:8      | Found a blossoming altar of Fedhas.
 13592 | D:8      | Found an ornate altar of the Wu Jian Council.
 13594 | D:8      | Found an ancient bone altar of Kikubaaqudgha.
 14283 | D:9      | Reached skill level 5 in Ranged Weapons
 15086 | D:9      | Found a runed translucent door.
 15087 | D:9      | Identified the +7 trident of the Priest {vorpal, Dex+5}
 15092 | D:9      | Noticed nshep25's ghost (novice DsCj)
 15831 | D:8      | Became a worshipper of Fedhas Madash
 15953 | D:9      | Reached skill level 12 in Stealth
 15953 | D:9      | Reached skill level 5 in Transmutations
 15999 | D:9      | Reached skill level 5 in Evocations
 16865 | D:10     | Entered Level 10 of the Dungeon
 19275 | D:9      | Killed nshep25's ghost
 19659 | D:10     | Identified the ring "Mazxius" {Fire rElec Str+7 Int+7}
 19665 | D:10     | Noticed an orange demon
 19684 | D:10     | Reached XP level 11. HP: 18/47 MP: 24/24
 19953 | D:10     | Found a glowing golden altar of the Shining One.
 20107 | D:10     | Reached skill level 13 in Stealth
 20107 | D:10     | Reached skill level 5 in Poison Magic
 20193 | D:10     | Reached * piety under Fedhas
 20795 | D:3      | Bought a scroll labelled JIKLATHIHYO for 31 gold pieces
 20795 | D:3      | Bought a fizzy grey potion for 27 gold pieces
 20795 | D:3      | Bought a scroll labelled NIEKAE JORU for 31 gold pieces
 20795 | D:3      | Bought a scroll labelled ISATHR QUHE ELIUXE for 31 gold
                  | pieces
 20867 | D:3      | Bought a scroll of enchant weapon for 97 gold pieces
 20867 | D:3      | Bought a scroll of teleportation for 39 gold pieces
 21033 | Lair:1   | Entered Level 1 of the Lair of Beasts
 21361 | D:11     | Found a radiant altar of Vehumet.
 21412 | D:11     | Noticed a deep elf pyromancer
 21418 | D:11     | Killed a deep elf pyromancer
 21419 | D:11     | Reached skill level 1 in Fighting
 21419 | D:11     | Reached skill level 1 in Invocations
 21433 | D:11     | Noticed a boulder beetle
 21464 | D:11     | Killed a boulder beetle
 21847 | D:11     | Noticed a two-headed ogre
 21868 | D:11     | Killed a two-headed ogre
 21869 | D:11     | Reached skill level 14 in Stealth
 22443 | D:12     | Noticed a deep elf pyromancer
 22449 | D:12     | Killed a deep elf pyromancer
 22449 | D:12     | Reached ** piety under Fedhas
 22646 | D:12     | Found a staircase to the Orcish Mines.
 22661 | D:12     | Noticed a four-headed hydra
 22662 | D:12     | Noticed a two-headed ogre
 22695 | D:12     | Killed a two-headed ogre
 22766 | D:12     | Killed a four-headed hydra
 23056 | D:12     | Noticed a two-headed ogre
 23065 | D:12     | Killed a two-headed ogre
 23066 | D:12     | Reached XP level 12. HP: 56/56 MP: 19/25
 23172 | D:12     | Noticed Maurice
 23179 | D:12     | Killed Maurice
 23200 | D:12     | Found Ykewnej's Magic Scroll Shop.
 23543 | D:12     | Bought a scroll of blinking for 82 gold pieces
 23543 | D:12     | Bought a scroll of identify for 22 gold pieces
 23543 | D:12     | Bought a scroll of identify for 22 gold pieces
 23543 | D:12     | Bought a scroll of identify for 22 gold pieces
 23656 | Orc:1    | Entered Level 1 of the Orcish Mines
 23656 | Orc:1    | Noticed Harold
 23656 | Orc:1    | Noticed an orc warlord
 23805 | D:12     | Killed an orc warlord
 23806 | D:12     | Reached skill level 15 in Stealth
 24499 | Lair:1   | Noticed a five-headed hydra
 24533 | Lair:1   | Killed a five-headed hydra
 24849 | Lair:1   | Found a large runed translucent door.
 24849 | Lair:1   | Found a large runed translucent door.
 24855 | Lair:1   | Noticed xian's ghost (journeyman DsAK)
 24921 | Lair:1   | Reached skill level 5 in Invocations
 25321 | Lair:1   | Reached *** piety under Fedhas
 26677 | Lair:1   | Killed xian's ghost
 27188 | Lair:2   | Noticed Gastronok
 27204 | Lair:2   | Killed Gastronok
 27205 | Lair:2   | Reached skill level 5 in Fighting
 27737 | Lair:2   | Found a hole to the Spider Nest.
 27776 | Lair:2   | Reached XP level 13. HP: 38/64 MP: 10/26
 28073 | Lair:2   | Reached skill level 10 in Ranged Weapons
 29429 | Lair:3   | Identified the +1 leather armour of the Minstrel {SInv}
 29653 | Lair:3   | Reached **** piety under Fedhas
 29754 | Lair:3   | Noticed Prince Ribbit
 29758 | Lair:3   | Killed Prince Ribbit
 30034 | Lair:3   | Found the +3 giant club "Skullcrusher" {speed, Str+7}
 30166 | Lair:3   | Mangled by a swamp worm

Illustrated notes

Levels and vault maps discovered:
D:1:      minmay_arrival_five_plusses, layout_basic,
          hellmonk_ecumenical_altar_heavens_door
D:2:      layout_basic
D:3:      kb_forest_paths, layout_basic, serial_shops, shop, shop,
          nicolae_shop_crystal, gammafunk_ghost_necromancy, minmay_vboxes,
          uniq_terence
D:4:      layout_basic, kennysheep_mini_moat
D:5:      layout_cave_pools, pdpol_temple_overflow_zin_treasury_gozag_greed,
          serial_shops, shop_statue, shop, serial_park_tiny_2,
          hangedman_decor_push
D:6:      layout_loops_corners, nicolae_uskayaw_dance_studio
D:7:      layout_basic, temple_hall, grunt_decor_resistance
D:8:      layout_cave_pods, mainiacjoe_overflow_paths,
          nicolae_overflow_hidden_temple, lair_entry_dummy, uniq_erica,
          uniq_psyche
D:9:      layout_stronghold, ebering_ghost_funeral_grove
D:10:     layout_cave_pools, mainiacjoe_overflow_tiny_flanked
D:11:     layout_rooms, nicolae_vehumet_altar_sigil
D:12:     layout_loops_cross, orc_0_dummy, serial_shops, shop_scrolls,
          uniq_maurice
Temple:   nicolae_temple_figure_eight
Lair:1:   layout_cave_shapes, serial_bayou, serial_bayou_shore_b,
          serial_bayou_pond_d, serial_bayou_pond_c, serial_bayou_pond_d,
          serial_bayou_pond_c, serial_bayou_lagoon_b,
          ebering_ghost_disaster_area, chequers_serial_rivers_large_b,
          beast_lair_carwin_2
Lair:2:   layout_chaotic_city, nicolae_spider_entry_non_spiders, uniq_gastronok
Lair:3:   layout_layer_cave, nicolae_swamp_entry_splash_gauntlet,
          grunt_megastairs_3, uniq_amaemon, uniq_prince_ribbit2
Orc:1:    layout_caves, uniq_harold

Skill      XL: |  1  2  3  4  5  6  7  8  9 10 11 12 13 |
---------------+----------------------------------------+-----
Dodging        | 3 4 5 6 7 8 |  8.0
Spellcasting   | 3 4 5 6 8 |  8.0
Hexes          | 4 5 6 7 8 |  8.0
Stealth        | 5 6 7 9 11 12 14 15 | 15.0
Short Blades   | 2 3 4 5 |  5.0
Ranged Weapons | 2 4 6 8 9 10 | 10.8
Transmutations | 2 5 |  5.0
Evocations     | 2 5 |  5.0
Poison Magic   | 1 4 6 8 |  8.0
Fighting       | 3 5 6 |  6.7
Invocations    | 3 6 8 |  8.1

Action                   |  1- 3 |  4- 6 |  7- 9 | 10-12 | 13-15 || total
-------------------------+-------+-------+-------+-------+-------++-------
Melee: Dagger            |    71 |   156 |   322 |   139 |    49 ||   737
       Punch             |       |     3 |     8 |     3 |     1 ||    15
 Fire: Shortbow          |       |       |       |   417 |    93 ||   510
       Arbalest          |       |       |       |    95 |     9 ||   104
 Cast: Ensorcelled Hiber |    15 |    28 |    62 |     4 |       ||   109
       Confusing Touch   |       |    14 |    43 |    28 |     7 ||    92
       Tukima's Dance    |       |       |     1 |     1 |       ||     2
       Ignite Poison     |       |       |       |    45 |    23 ||    68
       Olgreb's Toxic Ra |       |       |       |     4 |     7 ||    11
Invok: Wall of Briars    |       |       |       |     1 |       ||     1
       Grow Ballistomyce |       |       |       |     1 |       ||     1
Evoke: Wand              |       |       |     4 |     2 |       ||     6
  Use: Scroll            |       |       |     5 |    19 |     1 ||    25
       Potion            |       |       |     1 |     2 |       ||     3
 Stab: Sleeping          |    21 |    20 |    36 |     2 |       ||    79
       Confused          |       |    14 |    35 |    18 |     5 ||    72
       Invisible         |       |       |     4 |       |       ||     4
Armor: Robe              |     6 |     6 |    14 |     1 |       ||    27
       Steam dragon scal |       |       |       |    23 |     7 ||    30
Dodge: Dodged            |    44 |    72 |   189 |   219 |    53 ||   577
Block: Other             |     6 |    21 |    48 |    33 |    17 ||   125
       Reflection        |       |       |       |     1 |       ||     1
